 Dungeon Crawl Stone Soup version 0.16.2-12-gd0ad4c3 (webtiles) character file.

939795 RobertPalmer the Executioner (level 27, -26/317 (330) HPs)
             Began as a Deep Dwarf Fighter on Oct 8, 2015.
             Was the Champion of Makhleb.
             Killed from afar by a Brimstone Fiend (55 damage)
             ... with a blast of hellfire
             ... in Pandemonium on Oct 16, 2015.
             The game lasted 04:38:00 (84898 turns).

RobertPalmer the Executioner (Deep Dwarf Fighter)  Turns: 84898, Time: 04:38:00

HP:   -26/317 (330) AC: 27    Str: 25      XL:     27
MP:   9/17          EV: 30    Int:  8 (11) God:    Makhleb [******]
Gold: 8847          SH:  0    Dex: 16      Spells: 2 memorised, 38 levels left

rFire  + + +     SeeInvis .     a - +9 executioner's axe (vamp) {!w}
rCold  + . .     Clarity  .     k - melded +14 crystal plate armour {rC+}
rNeg   + + +     SustAb   .     (no shield)
rPois  ∞         Gourm    .     t - +2 hat of Garisatse {rF+++ Regen+ Dex-5}
rElec  +         Spirit   .     z - +3 cloak of Free Expression {rPois rN+}
rCorr  .         Warding  .     J - melded +2 pair of gloves {Str+3}
rMut   +         Stasis   .     G - melded -3 pair of boots of Restlessness {+Blink rCorr Str+4}
MR     +++++                    i - amulet of resist mutation {rMut, !d}
Stlth  ..........               h - ring "Taac" {MR+ Dex+3 Slay+3}
                                L - ring of Qoogal {rPois rF+ rC+ rN+ Stlth-}

@: statue-form, very slightly contaminated, non-regenerating, very slow, almost
entirely resistant to hostile enchantments, extremely unstealthy
A: damage resistance, recharge devices, deformed body, frail 1, low mp 2,
negative energy resistance 1, sense surroundings 3, slow healing 3, MP-powered
wands 2
a: Device Recharging, End Transformation, Minor Destruction, Lesser Servant of
Makhleb, Major Destruction, Greater Servant of Makhleb, Renounce Religion
}: 6/15 runes: decaying, slimy, silver, abyssal, demonic, gossamer


You were in Pandemonium.
You worshipped Makhleb.
Makhleb was exalted by your worship.
You were near starving.
You were a stone statue.
You visited 12 branches of the dungeon, and saw 65 of its levels.
You visited Pandemonium 2 times, and saw 15 of its levels.
You visited the Abyss 5 times.
You visited 1 ziggurat, and saw 5 of its levels.
You also visited: Labyrinth and Ice Cave.

You collected 13014 gold pieces.
You spent 4167 gold pieces at shops.

Inventory:

Hand weapons
 a - a +9 vampiric executioner's axe (weapon) {!w}
   (You found it on level 2 of the Depths)
Armour
 k - a +14 crystal plate armour of cold resistance (melded)
   (You found it in an ice cave)
 t - the +2 hat of Garisatse (worn) {rF+++ Regen+ Dex-5}
   (You found it on level 4 of the Vaults)

   It affects your dexterity (-5).
   It renders you almost immune to fire.
   It increases your rate of regeneration.
 z - the +3 cloak of Free Expression (worn) {rPois rN+}
   (You found it on level 8 of the Lair of Beasts)

   It protects you from poison.
   It protects you from negative energy.
 G - the -3 pair of boots of Restlessness (melded) {+Blink rCorr Str+4}
   (You found it on level 11 of the Dungeon)

   It affects your strength (+4).
   It lets you blink.
   It protects you from acid and corrosion.
 J - a +2 pair of gloves of strength (melded)
   (You bought it in a shop on level 2 of the Elven Halls)
 N - the +0 pair of boots of Nackucev {rC+}
   (You found it on level 5 of the Vaults)

   It protects you from cold.
Jewellery
 h - the ring "Taac" (right hand) {MR+ Dex+3 Slay+3}
   (You found it on level 5 of the Realm of Zot)

   [ring of protection from magic]

   It affects your dexterity (+3).
   It affects your accuracy and damage with ranged weapons and melee attacks
   (+3).
   It affects your resistance to hostile enchantments.
 i - an amulet of resist mutation (around neck) {rMut, !d}
   (You found it on level 3 of the Vaults)
 v - the amulet "Fybang" {Ward rPois rN+ Str-4 Slay+3}
   (You found it on level 3 of the Crypt)

   [amulet of warding]

   It may prevent the melee attacks of summoned creatures.
   It affects your strength (-4).
   It affects your accuracy and damage with ranged weapons and melee attacks
   (+3).
   It protects you from poison.
   It protects you from negative energy.
 I - a cursed ring of see invisible {sInv, !d}
   (You found it on level 9 of the Dungeon)
 L - the ring of Qoogal (left hand) {rPois rF+ rC+ rN+ Stlth-}
   (You bought it in a shop on level 4 of the Orcish Mines)

   [ring of poison resistance]

   It protects you from fire.
   It protects you from cold.
   It protects you from poison.
   It protects you from negative energy.
   It makes you less stealthy.
 U - an uncursed amulet of clarity {Clar, !d}
   (You took it off a vault guard on level 5 of the Vaults)
 X - an uncursed amulet of stasis {Stasis, !d}
   (You found it on level 4 of the Orcish Mines)
Magical devices
 c - a wand of teleportation (3)
   (You found it on level 3 of the Abyss)
 p - a wand of teleportation (5)
   (You found it on level 2 of the Vaults)
 q - a wand of heal wounds (2)
 E - a wand of teleportation (3)
   (You bought it in a shop on level 5 of the Vaults)
 H - a wand of digging (13)
   (You found it on level 8 of the Dungeon)
 K - a wand of digging (1)
   (You took it off a deep elf knight on level 1 of the Elven Halls)
 S - a wand of digging (16)
   (You found it on level 4 of the Depths)
 T - a wand of teleportation (4)
   (You found it on level 3 of the Vaults)
 W - a wand of teleportation (2)
   (You found it in Pandemonium)
 Z - a wand of hasting (7)
   (You found it on level 8 of the Lair of Beasts)
Scrolls
 g - 3 scrolls of brand weapon
 l - 8 scrolls of blinking {!r}
 m - 3 scrolls of fog
 n - 17 scrolls of magic mapping {!r}
 o - 29 scrolls of teleportation
 x - 30 scrolls of remove curse
 y - 11 scrolls of fear
 C - 2 scrolls of holy word {!r}
 F - 4 scrolls of summoning
 M - 17 scrolls of identify
 R - 5 scrolls of recharging
Potions
 e - 9 potions of agility
 s - a potion of heal wounds
 u - 15 potions of restore abilities
 A - 3 potions of might
 O - 5 potions of resistance
 P - 11 potions of curing
 Q - 5 potions of haste
Miscellaneous
 b - a phial of floods
   (You found it on level 6 of the Pits of Slime)
 d - a sack of spiders
   (You found it on level 3 of the Depths)
 r - a sack of spiders
   (You found it on level 6 of the Pits of Slime)
 B - 2 phantom mirrors
 V - a fan of gales
   (You found it on level 14 of the Dungeon)
 Y - a fan of gales
   (You found it on level 1 of the Spider Nest)
Comestibles
 f - 44 bread rations {@e1}
 j - 80 fruits
 D - 28 meat rations {@e2}


   Skills:
 - Level 23.4 Fighting
 - Level 26.5 Axes
   Level 5.0 Crossbows
 + Level 25.4 Armour
 + Level 23.7 Dodging
   Level 5.3 Shields
 - Level 13.8 Spellcasting
 - Level 16.2 Transmutations
 - Level 21.2 Earth Magic
 - Level 10.6 Invocations
 - Level 19.6 Evocations


You had 38 spell levels left.
You knew the following spells:

 Your Spells              Type           Power        Failure   Level  Hunger
a - Statue Form           Trmt/Erth      #####....    1%          6    #######
b - Shatter               Erth           #####.....   96%         9    #######


Dungeon Overview and Level Annotations

Branches:
Dungeon (15/15)            Temple (0/1) D:7            Lair (8/8) D:10
  Swamp (5/5) Lair:3       Spider (5/5) Lair:3        Slime (6/6) Lair:8
    Orc (4/4) D:9             Elf (3/3) Orc:3        Vaults (5/5) D:14
  Crypt (3/3) Vaults:2       Tomb (0/3) Crypt:3      Depths (5/5) D:15
   Hell (1/1)                 Dis (0/7) Hell            Geh (0/7) Hell
    Coc (0/7) Hell            Tar (0/7) Hell            Zot (5/5) Depths:5

Altars:
Ashenzari
Elyvilon
Kikubaaqudgha
Makhleb
Nemelex Xobeh
Okawaru
Ru
Sif Muna
Trog
Yredelemnul
Zin
The Shining One
Beogh
Jiyva

Shops:
Orc:4 }=*%   Elf:1 }   Elf:2 [   Elf:3 (   Vaults:3 :   Vaults:4 %   Vaults:5 }
Depths:2 (   Depths:3 (

Portals:
Hell: Depths:1 Depths:2 Depths:3 Depths:4 Depths:5
Abyss: Depths:4
Pandemonium: Depths:1 Depths:3 Depths:5

Annotations:
D:7 4 runed doors


Innate Abilities, Weirdness & Mutations

You are resistant to damage.
You can recharge devices by infusing magical energy.
You resist negative energy.
You passively map a large area around you.
You do not heal naturally.
Armour fits poorly on your strangely shaped body.
You are frail (-10% HP).
Your magical capacity is very low (-20% MP).
You expend magic power (6 MP) to strengthen your wands.


Message History

The sphinx disappears in a puff of smoke!
Qutzize hits you but does no damage. x2
You closely miss Qutzize.
You barely miss the torturous corrupter.
Qutzize closely misses you.
The torturous corrupter hits you with a demon blade of flaming!
You slice Qutzize!! You slice the torturous corrupter!!
The sphinx disappears in a puff of smoke!
Qutzize barely misses you.
The torturous corrupter calls forth creatures from the Elven Halls!
Qutzize hits you but does no damage.
You hit Qutzize. You slash the torturous corrupter!
You closely miss the deep elf sorcerer. Qutzize completely misses you.
The torturous corrupter closely misses you.
The deep elf sorcerer mumbles some strange words.
The deep elf sorcerer seems to speed up.
You slash Qutzize! You slash the deep elf sorcerer!
You slice the torturous corrupter!!
You kill the torturous corrupter!
Makhleb accepts your kill.
You feel a little better.
The deep elf high priest disappears in a puff of smoke!
The deep elf sorcerer disappears in a puff of smoke!
Qutzize closely misses you. Qutzize misses you.
The hellion completely misses you.
You regained 20 hp, and now have 132/317 hp.
You closely miss Qutzize. You barely miss the hellion. Qutzize hits you!
The hellion completely misses you. Qutzize hits you!
You take 23 damage, and have 109/317 hp.
You barely miss Qutzize. You slice the hellion!!
The hellion hits you but does no damage.
Qutzize hits you!!
* * * LOW HITPOINT WARNING * * *
You take 16 damage, and have 93/317 hp.
Unknown command.
You slice Qutzize!! You closely miss the hellion.
Qutzize completely misses you. The hellion closely misses you.
You hit Qutzize.
You slice the hellion like a ripe choko!!!!
You kill the hellion!
Makhleb accepts your kill.
You feel a little better. Qutzize misses you.
The Brimstone Fiend calls on the powers of darkness!
Your body is wracked with pain!
* * * LOW HITPOINT WARNING * * *
Qutzize hits you!
* * * LOW HITPOINT WARNING * * *
The Brimstone Fiend calls on the powers of darkness!
Your body is wracked with pain!
* * * LOW HITPOINT WARNING * * *
You take 23 damage, and have 70/317 hp.
You carve Qutzize like a ham!!!
You hear a roar!
You hear a shout!
Qutzize completely misses you. Qutzize closely misses you.
You cut Qutzize into ribbons!!!
You kill Qutzize!
Makhleb accepts your kill.
You feel a little better.
You regained 21 hp, and now have 91/317 hp.
The Brimstone Fiend gestures at you.
The hellfire explodes!
The blast of hellfire engulfs you!
* * * LOW HITPOINT WARNING * * *
You hear a croak.
You take 17 damage, and have 74/317 hp.
Drink which item? (? for menu, Esc to quit)
You feel much better. The Brimstone Fiend gestures at you.
The hellfire explodes!
The blast of hellfire engulfs you!
* * * LOW HITPOINT WARNING * * *
The Brimstone Fiend calls on the powers of darkness!
Your body is wracked with pain!
* * * LOW HITPOINT WARNING * * *
You hear a shout!
You take 27 damage, and have 47/317 hp.
Drink which item? (? for menu, Esc to quit)
You feel much better. The Brimstone Fiend gestures at you.
The hellfire explodes!
The blast of hellfire engulfs you!
* * * LOW HITPOINT WARNING * * *
You take 2 damage, and have 45/317 hp.
Drink which item? (? for menu, Esc to quit)
You feel much better.
You regained 24 hp, and now have 69/317 hp.
You completely miss the Brimstone Fiend.
The Brimstone Fiend barely misses you.
The Brimstone Fiend completely misses you.
The Brimstone Fiend closely misses you.
You open the Brimstone Fiend like a pillowcase!!!
The Brimstone Fiend gestures at you.
The hellfire explodes!
The blast of hellfire engulfs you!
* * * LOW HITPOINT WARNING * * *
The blast of hellfire engulfs the Brimstone Fiend.
The Brimstone Fiend completely resists.
You hear a croak.
A neqoxec comes into view.
You take 40 damage, and have 29/317 hp.
You open the Brimstone Fiend like a pillowcase!!!
The Brimstone Fiend gestures at you.
The hellfire explodes!
The blast of hellfire engulfs you!
You die...

#........# *,.* #........#....
#........# #... .........#....
#....../.# #..# , ,...
#........# #..# ,, ,, ' ...
#........# #..# , * * ...
#........# #..## , , , ..
#........# #...## ∩ * , #..#.
#..))....# #....## *.. #..#.
#..).....# #..8..# #. #..##
#........# #.1######...#..#..#*
#........# #.3'61e2....#..#..##
##........#
#..##########..#..#.
#..)......#
#.................#.
##........#
#........###........ #........#
#..####..# #..##...# #......:.#
#..# #..###..##...#
#......).###..####..##...##....


You could see a Brimstone Fiend and a neqoxec.

Vanquished Creatures
  the royal jelly (Slime:6)
  Khufu (Crypt:1)
  6 ancient liches
  3 orbs of fire (Zot:5)
  A greater mummy (Crypt:1)
  Sojobo (Depths:5)
  the Lernaean hydra (Swamp:5)
  Saint Roka (Swamp:3)
  2 Killer Klowns (Zot:5)
  A caustic shrike (Depths:4)
  A curse toe (Zot:5)
  Mennas (Vaults:5)
  Geryon (Hell)
  5 golden dragons
  10 pandemonium lords (Pan)
  7 bone dragons
  8 Brimstone Fiends (Pan)
  Arachne (Spider:4)
  2 spellforged servitors
  6 electric golems
  Nikola (Swamp:3)
  18 tentacled monstrosities
  6 Hell Sentinels (Pan)
  12 liches
  25 Orb Guardians (Zot:5)
  7 Ice Fiends (Pan)
  Asterion (Swamp:5)
  A titan (Depths:4)
  2 deep elf master archers (Elf:3)
  6 Shadow Fiends
  2 deep elf blademasters
  Murray (Hell)
  18 acid blobs
  21 tentacled starspawn
  2 eldritch tentacles
  2 thorn hunters
  7 sphinxes
  4 ancient champions
  An octopode crusher (Depths:3)
  10 shadow dragons
  16 Executioners
  9 tengu reavers
  4 draconian monks
  19 storm dragons
  13 azure jellies
  2 revenants
  2 greater nagas (Pan)
  15 frost giants
  Donald (Spider:3)
  Wiglaf (Depths:2)
  3 iron dragons
  31 balrugs
  26 cacodemons
  7 deep elf sorcerers
  11 vault wardens
  Aizul (Depths:2)
  7 ghost moths
  14 emperor scorpions
  11 draconian scorchers
  5 draconian knights
  4 draconian zealots
  4 fire giants
  3 angels
  An orc warlord (Orc:4)
  Jorgrun (Elf:3)
  18 stone giants
  7 draconian annihilators
  8 warmongers (Pan)
  13 reapers
  19 ironheart preservers
  A spriggan defender (Depths:4)
  7 ghouls
  2 ophanim (Abyss:3)
  4 draconian shifters
  13 very ugly things
  12 corrupters (Pan)
  9 war gargoyles
  7 green draconians
  10 vampire knights
  A draconian caller (Abyss:1)
  5 salamander firebrands (Hell)
  6 grey draconians
  3 purple draconians
  6 lorocyprocas
  11 mottled draconians
  3 dire elephants
  8 black draconians
  6 red draconians
  7 deep elf demonologists
  Azrael (Elf:3)
  10 chaos champions (Pan)
  7 blood saints (Pan)
  4 unborn
  5 pale draconians
  9 yellow draconians
  12 white draconians
  25 blizzard demons
  5 black suns (Pan)
  18 ettins
  4 eidola
  An ettin (shapeshifter) (Abyss:4)
  5 deep elf annihilators
  7 crystal guardians
  13 deep elf death magi
  Snorg (Orc:1)
  16 green deaths
  3 jiangshi
  7 death oozes
  26 vault guards
  5 minotaurs
  A quicksilver dragon zombie (Crypt:1)
  2 deep elf high priests
  3 rakshasas
  11 ogre magi
  A merfolk impaler (Depths:3)
  23 yaktaur captains
  4 death cobs
  8 great orbs of eyes
  15 fire dragons
  A great orb of eyes (shapeshifter) (Abyss:4)
  10 hydras
  Harold (Lair:4)
  A quicksilver dragon skeleton (Crypt:3)
  13 ice dragons
  16 monstrous demonspawn (Pan)
  4 spriggan air magi
  11 centaur warriors
  12 deep troll earth magi
  10 alligators
  30 hell beasts
  3 tengu warriors (Depths:4)
  20 dancing weapons
  A merfolk aquamancer (Pan)
  23 death yaks
  2 death knights (Abyss:4)
  4 vampire magi
  18 deep troll shamans
  An alligator (shapeshifter) (Vaults:5)
  13 hell hogs
  2 titan zombies
  18 thrashing horrors
  8 orc high priests (Orc:4)
  8 spriggan berserkers
  15 soul eaters
  6 hell knights (Crypt:3)
  A storm dragon zombie (Abyss:3)
  26 deep elf knights
  An iron troll (shapeshifter) (Depths:5)
  46 sun demons
  11 ice devils
  16 wretched stars
  13 death scarabs
  3 spatial maelstroms
  2 fire crabs
  2 unseen horrors
  36 skeletal warriors
  A death drake (Zot:5)
  2 titan skeletons
  9 flayed ghosts
  6 wizards
  An anaconda zombie (Hell)
  A golden dragon zombie (Abyss:3)
  4 iron trolls (Depths:2)
  21 gelid demonspawn (Pan)
  3 spriggan druids
  A swamp dragon (shapeshifter) (Abyss:3)
  A giant orange brain (shapeshifter) (Vaults:5)
  14 putrid demonspawn
  37 deep trolls
  2 harpies (shapeshifter)
  22 orc knights
  A kraken simulacrum (Hell)
  7 shadow wraiths
  26 torturous demonspawn (Pan)
  2 ice statues (IceCv)
  An anubis guard (shapeshifter) (D:15)
  16 infernal demonspawn (Pan)
  13 deep elf summoners
  A shambling mangrove (Swamp:4)
  14 shadow demons
  10 hill giants
  4 deathcaps (Zot:5)
  16 ironbrand convokers
  10 giant orange brains
  6 swamp dragons
  A mana viper (Zig:4)
  14 oklob plants
  A draconian zombie (Zot:5)
  46 ugly things
  19 deep elf conjurers
  10 necromancers
  3 griffons
  3 harpies (Vaults:5)
  2 shining eyes (shapeshifter) (Depths:4)
  6 phantasmal warriors
  A frost giant zombie (Crypt:3)
  6 manticores
  22 wolf spiders
  10 hornets
  A faun (shapeshifter) (Vaults:5)
  7 shining eyes
  10 orc sorcerers
  52 sixfirhies
  8 worldbinders
  15 orb spiders
  2 centaur zombies
  2 guardian serpents (shapeshifter)
  An iron dragon skeleton (Crypt:3)
  2 fire giant skeletons (Crypt:3)
  23 moths of wrath
  12 rust devils
  2 cyclopes
  An elephant (shapeshifter) (Abyss:4)
  3 apocalypse crabs
  4 guardian serpents
  75 smoke demons
  A stone giant skeleton (Crypt:3)
  17 spiny frogs
  10 elephants
  A gargoyle (D:15)
  A queen ant (Lair:2)
  12 vault sentinels
  3 eyes of devastation
  64 orange demons
  2 centaur skeletons
  An orange crystal statue (D:9)
  5 torpor snails
  A spiny frog (shapeshifter) (Depths:1)
  16 hellions
  6 black mambas
  5 kobold demonologists
  44 small abominations
  55 yaktaurs
  12 komodo dragons
  A komodo dragon (shapeshifter) (Vaults:2)
  2 yaktaurs (shapeshifter)
  A golden dragon simulacrum (Abyss:1)
  15 ancient zymes
  A red draconian skeleton (Crypt:2)
  A silent spectre (Crypt:1)
  10 tormentors
  2 guardian mummies (Zig:2)
  14 demonic crawlers
  55 red devils
  8 freezing wraiths
  2 fire drakes
  10 trolls
  29 deep elf priests
  A tengu simulacrum (Vaults:3)
  8 efreet
  50 hellwings
  A troll (shapeshifter) (Abyss:4)
  3 fire vortices (Pan)
  7 wandering mushrooms (Zot:5)
  3 giant leeches
  A queen bee (Lair:2)
  26 jumping spiders
  15 two-headed ogres
  An ushabti (Zig:2)
  6 baby alligators
  10 polar bears
  22 blue devils
  5 boulder beetles
  18 blink frogs
  A raven (shapeshifter) (Depths:4)
  80 large abominations
  An ice dragon zombie (Crypt:3)
  2 hydra skeletons
  A fire dragon zombie (Crypt:1)
  14 bog bodies
  A fire giant simulacrum (Abyss:3)
  29 flying skulls
  44 raiju
  An ettin zombie (Abyss:3)
  100 slime creatures
  5 basilisks
  10 ravens
  3 air elementals (Depths:5)
  2 fire dragon skeletons (Crypt:3)
  An alligator skeleton (Hell)
  7 water elementals
  A baby alligator (shapeshifter) (Depths:4)
  20 yaks
  A black mamba zombie (Crypt:3)
  An iron dragon simulacrum (Abyss:1)
  6 shadows
  33 trapdoor spiders
  37 deep elf magi
  An ettin skeleton (Crypt:3)
  A human (shapeshifter) (Vaults:1)
  19 humans (D:14)
  77 starcursed masses
  A shock serpent simulacrum (Abyss:3)
  38 ynoxinuls
  7 fire elementals
  14 tarantellas
  5 vampires
  A tarantella (shapeshifter) (Abyss:4)
  9 golden eyes
  4 hungry ghosts
  A giant leech zombie (Crypt:2)
  13 wraiths
  Eustachio (Orc:1)
  48 redbacks
  7 spriggans
  12 chaos spawn
  29 vampire mosquitoes
  2 wind drake skeletons
  41 neqoxecs
  A wyvern (D:14)
  2 black mamba skeletons
  4 steam dragons
  5 mottled dragons
  8 hippogriffs
  2 hydra simulacra (Hell)
  A naga (Zig:4)
  51 deep elf fighters
  24 swamp worms
  10 insubstantial wisps
  15 wargs
  15 soldier ants
  21 water moccasins
  22 wolves
  9 spatial vortices (Abyss:3)
  7 porcupines
  3 sky beasts
  9 ice beasts
  2 spiny frog zombies (Hell)
  10 swamp drakes
  An alligator simulacrum (Hell)
  9 eyes of draining
  8 wasps
  A spiny frog skeleton (Hell)
  An ogre (shapeshifter) (Abyss:1)
  69 orc warriors
  A soldier ant (shapeshifter) (Abyss:1)
  A snapping turtle zombie (Crypt:3)
  15 black bears
  15 spiders
  46 ogres
  9 necrophages
  21 hell hounds
  The ghost of North the Poker, an average MfGl (D:3)
  2 boring beetles
  6 boggarts
  6 phantoms
  21 centaurs
  A boring beetle (shapeshifter) (Elf:1)
  Sigmund (D:3)
  Duvessa (D:4)
  A crocodile (shapeshifter) (Depths:5)
  A blink frog skeleton (Crypt:1)
  6 big kobolds
  A brain worm (Abyss:4)
  3 lost souls
  20 crocodiles
  An elf skeleton (Abyss:1)
  Blork the orc (D:7)
  22 giant frogs
  3 earth elementals
  2 wyvern skeletons
  A polar bear zombie (Crypt:2)
  11 scorpions
  5 wights
  A yak skeleton (Crypt:1)
  38 killer bees
  3 goliath beetles
  Dowan (D:4)
  16 crimson imps
  4 giant frog zombies
  A human zombie (D:14)
  10 quasits
  A wasp zombie (D:9)
  A jelly (shapeshifter) (Depths:2)
  4 lava snakes (Lab)
  4 electric eels
  2 giant frog skeletons
  25 hounds
  22 jellies
  9 iguanas
  34 orc priests
  18 iron imps
  12 hell rats
  24 orc wizards
  31 sheep
  43 worker ants
  A killer bee zombie (D:11)
  A dwarf zombie (Crypt:2)
  A mottled dragon skeleton (Crypt:2)
  2 hound skeletons
  A worker ant zombie (D:11)
  3 hound zombies
  6 mummies
  2 steam dragon zombies
  90 river rats
  29 adders
  10 gnolls
  17 white imps
  A giant mite (D:3)
  7 shadow imps
  A giant eyeball (Pan)
  4 worms
  99 ufetubi
  4 adder skeletons
  2 adder zombies
  9 giant geckos
  2 oozes
  312 orcs
  2 bat skeletons
  A bat zombie (D:7)
  7 giant cockroaches
  31 goblins
  21 hobgoblins
  21 jackals
  14 quokkas
  3 ball pythons
  18 bats
  2 giant gecko skeletons (D:7)
  4 giant newts
  A giant newt zombie (Crypt:1)
  A goblin zombie (Orc:3)
  36 kobolds
  3 lurking horrors
  7 orc zombies
  A quokka skeleton (D:3)
  A quokka zombie (D:6)
  18 rats
  2 ballistomycetes (D:14)
  2 briar patches (Swamp:3)
  3 bushes (Zot:4)
  2 butterflies (Pan)
  10 crawling corpses
  25 fungi
  4 grand avatars (Pan)
  17 plants
  23 starspawn tentacles
4919 creatures vanquished.

Vanquished Creatures (collateral kills)
  Mara (Swamp:5)
  3 tentacled monstrosities (Vaults:5)
  4 titans (Vaults:5)
  A shadow dragon (Vaults:5)
  Rupert (Swamp:3)
  A tengu reaver (Vaults:5)
  A greater naga (Zig:4)
  A frost giant (Vaults:5)
  An iron dragon (Vaults:5)
  An emperor scorpion (Depths:1)
  2 orc warlords (Depths:2)
  A vault warden (Vaults:5)
  A very ugly thing (Vaults:2)
  2 ironheart preservers
  3 deep elf annihilators
  A merfolk javelineer (Depths:1)
  A green death (Swamp:5)
  A deep elf death mage (Elf:3)
  A fire dragon (Depths:1)
  A blizzard demon (IceCv)
  10 vault guards
  A yaktaur captain (Vaults:4)
  14 hydras
  2 deep elf high priests
  3 centaur warriors
  A deep troll earth mage (Depths:1)
  2 death yaks (Depths:1)
  An alligator (Swamp:5)
  3 dancing weapons (Elf:2)
  4 deep elf knights
  2 death scarabs (Crypt:1)
  A flayed ghost (Vaults:4)
  2 large abominations (Vaults:5)
  4 swamp dragons (Swamp:5)
  4 ironbrand convokers
  2 deep elf conjurers
  9 orb spiders
  2 manticores
  4 orc knights
  A stone giant zombie (Zig:5)
  7 ugly things
  A hornet (Zig:3)
  2 phantasmal warriors
  A smoke demon (Elf:3)
  3 vault sentinels
  A sixfirhy (Vaults:5)
  2 yaktaurs
  A demonic crawler (Spider:3)
  A guardian mummy (Zig:5)
  7 jumping spiders
  A blue devil (IceCv)
  A giant leech (Swamp:3)
  A blink frog (Zig:3)
  4 bog bodies (Swamp:5)
  A slime creature (Swamp:3)
  A raven (Swamp:5)
  A redback (shapeshifter) (Vaults:5)
  3 spriggans
  A ynoxinul (Elf:3)
  9 redbacks
  3 shadows
  An air elemental (Vaults:5)
  A tarantella (Spider:5)
  2 deep elf fighters
  2 vampire mosquitoes (Swamp:5)
  2 swamp worms (Swamp:5)
  A soldier ant (D:15)
  2 water moccasins
  3 swamp drakes (Swamp:5)
  4 spiders
  3 orc warriors
  3 wasps
  4 ogres
  4 centaurs
  A crocodile (Lair:8)
  A giant frog (D:15)
  A scorpion (shapeshifter) (Depths:2)
  A crimson imp (D:15)
  An orc wizard (Vaults:1)
  An iguana (Lair:8)
  A mummy (Zig:5)
  3 orcs
195 creatures vanquished.

Vanquished Creatures (others)
  2 ancient liches (Zot:5)
  2 pandemonium lords (Pan)
  An electric golem (Zot:5)
  A quicksilver dragon (Depths:2)
  A Shadow Fiend (Pan)
  A tentacled starspawn (Abyss:1)
  2 Executioners (Swamp:5)
  A draconian monk (Zot:5)
  A fire giant (Vaults:4)
  A balrug (Swamp:3)
  A draconian zealot (Zot:4)
  A vault warden (Vaults:2)
  A draconian scorcher (Zot:4)
  2 cacodemons
  A stone giant (Vaults:5)
  A draconian caller (Zot:5)
  2 very ugly things
  A purple draconian (Zot:5)
  3 green deaths
  3 blizzard demons
  2 fire dragons (Vaults:4)
  2 minotaurs (Vaults:5)
  A deep elf high priest (Vaults:5)
  2 hydras
  A great orb of eyes (Vaults:5)
  A rakshasa (Depths:4)
  An ice dragon (Depths:4)
  A deep troll earth mage (Vaults:5)
  A tengu warrior (Swamp:5)
  2 deep elf knights
  A hell knight (Vaults:5)
  A spriggan druid (Swamp:3)
  A giant orange brain (Depths:2)
  An infernal demonspawn (Pan)
  2 wizards
  3 hill giants
  2 unseen horrors
  An ugly thing (Depths:2)
  5 cyclopes
  A manticore (Spider:5)
  A hornet (Swamp:5)
  A gargoyle (Vaults:1)
  An orange demon (Lair:4)
  A fire elemental (Crypt:1)
  A kobold demonologist (Spider:4)
  A jumping spider (Spider:5)
  5 yaktaurs
  A tengu conjurer (Vaults:1)
  An efreet (Elf:3)
  A freezing wraith (Vaults:4)
  A fire vortex (Pan)
  2 ravens
  2 redbacks (Vaults:1)
  A spriggan (shapeshifter) (Spider:5)
  A centaur simulacrum (Spider:5)
  2 golden eyes (Abyss:4)
  5 vampire mosquitoes
  A soldier ant (shapeshifter) (Spider:5)
  2 neqoxecs
  2 boggarts (Depths:2)
  3 ogres
  10 lost souls
  5 centaurs
  A giant frog (Lair:8)
  A killer bee (D:11)
  A quasit (Lair:4)
  A giant frog zombie (Lair:8)
  A crimson imp (Hell)
  A hound (Lair:8)
  An iguana (Lair:8)
  A worker ant (D:11)
  5 sheep (Vaults:1)
  An adder (Lair:4)
  A white imp (IceCv)
  9 ufetubi
  2 orcs (Swamp:3)
  A bat (Lair:8)
  2 giant spores
  A lurking horror (Abyss:3)
  A bush (Zot:4)
  83 eldritch tentacle segments
  31 fungi
  22 plants
  35 starspawn tentacles
  349 starspawn tentacle segments
  4 tentacles (Hell)
  53 tentacle segments (Hell)
720 creatures vanquished.

Grand Total: 5834 creatures vanquished

Notes
Turn   | Place    | Note
--------------------------------------------------------------
     0 | D:1      | RobertPalmer, the Deep Dwarf Fighter, began the quest for the Orb.
     0 | D:1      | Reached XP level 1. HP: 20/20 MP: 1/1
   151 | D:1      | Reached skill level 3 in Axes
   153 | D:1      | Reached XP level 2. HP: 21/27 MP: 2/2
   398 | D:1      | Reached XP level 3. HP: 13/33 MP: 3/3
   523 | D:1      | Reached skill level 4 in Axes
   911 | D:2      | Reached XP level 4. HP: 31/40 MP: 4/4
   919 | D:2      | Reached skill level 5 in Axes
   930 | D:2      | Found an iron altar of Okawaru.
   935 | D:2      | Found a sparkling altar of Nemelex Xobeh.
   937 | D:2      | Found a deep blue altar of Sif Muna.
  1132 | D:2      | Found a basalt altar of Yredelemnul.
  1253 | D:3      | Reached XP level 5. HP: 29/46 MP: 5/5
  1299 | D:3      | HP: 11/46 [worm (6)]
  1302 | D:3      | Reached skill level 6 in Axes
  1408 | D:3      | Noticed Sigmund
  1418 | D:3      | Killed Sigmund
  1481 | D:3      | Found a glowing golden altar of the Shining One.
  1552 | D:3      | Noticed North's ghost (average MfGl)
  1656 | D:3      | Reached skill level 7 in Axes
  1656 | D:3      | Reached XP level 6. HP: 29/55 MP: 6/6
  1867 | D:3      | Killed North's ghost
  2281 | D:4      | Reached skill level 8 in Axes
  2281 | D:4      | Reached XP level 7. HP: 51/61 MP: 6/6
  2370 | D:4      | Noticed Dowan
  2371 | D:4      | Noticed Duvessa
  2389 | D:4      | Reached skill level 9 in Axes
  2393 | D:4      | Killed Duvessa
  2399 | D:4      | HP: 13/61 [Dowan/stone arrow (14)]
  2407 | D:4      | Killed Dowan
  2528 | D:4      | Found a burning altar of Makhleb.
  2544 | D:4      | Reached skill level 10 in Axes
  2557 | D:4      | Became a worshipper of Makhleb the Destroyer
  2773 | D:5      | Entered Level 5 of the Dungeon
  2961 | D:5      | Reached XP level 8. HP: 34/68 MP: 5/5
  3156 | D:5      | Acquired Makhleb's first power
  3364 | D:5      | Reached skill level 11 in Axes
  3475 | D:5      | HP: 17/68 [iguana (3)]
  4135 | D:6      | Reached skill level 12 in Axes
  4195 | D:6      | Acquired Makhleb's second power
  4341 | D:6      | Gained mutation: You passively map the area around you. [level up]
  4341 | D:6      | Reached XP level 9. HP: 47/74 MP: 5/5
  4456 | D:6      | Reached skill level 13 in Axes
  4554 | D:6      | Got a warped chain mail
  4555 | D:6      | Identified the cursed -1 chain mail "Yxomeng" {rElec Int+4 SInv} (You found it on level 6 of the Dungeon)
  4743 | D:7      | Found a staircase to the Ecumenical Temple.
  4802 | D:7      | Found a white marble altar of Elyvilon.
  4837 | D:7      | Found a glowing silver altar of Zin.
  4854 | D:7      | Noticed Blork the orc
  4864 | D:7      | Killed Blork the orc
  5066 | D:7      | Acquired Makhleb's third power
  5175 | D:7      | Found a huge runed gate.
  5175 | D:7      | Found a huge runed gate.
  5175 | D:7      | Found a huge runed gate.
  5175 | D:7      | Found a huge runed gate.
  5304 | D:7      | Reached skill level 14 in Axes
  5676 | D:8      | Acquired Makhleb's fourth power
  6039 | D:8      | Reached skill level 15 in Axes
  6039 | D:8      | Reached XP level 10. HP: 64/81 MP: 6/6
  6672 | D:9      | Reached skill level 4 in Shields
  6826 | D:9      | Acquired Makhleb's fifth power
  6840 | D:9      | Found a staircase to the Orcish Mines.
  6861 | D:9      | Reached skill level 5 in Shields
  6975 | D:9      | Found a shattered altar of Ashenzari.
  7621 | D:10     | Entered Level 10 of the Dungeon
  7848 | D:10     | Noticed a hill giant
  7875 | D:10     | Killed a hill giant
  7875 | D:10     | Reached skill level 16 in Axes
  7895 | D:10     | HP: 19/81 [orc warrior/hand axe (5)]
  8003 | D:10     | Found a staircase to the Lair.
  8070 | D:10     | HP: 13/81 [deep elf mage/shard of ice (30)]
  8232 | D:10     | Got a steaming blowgun
  8233 | D:10     | Identified the +9 blowgun of Flawed Execution {evade, MR+ Int+7 Stlth-} (You found it on level 10 of the Dungeon)
  8622 | D:11     | Noticed a red ugly thing
  8642 | D:11     | HP: 11/81 [red ugly thing (10)]
  8646 | D:11     | Killed a red ugly thing
  8655 | D:11     | Got a pair of scorched boots
  8661 | D:11     | Identified the cursed -3 pair of boots of Restlessness {+Blink rCorr Str+4} (You found it on level 11 of the Dungeon)
  8722 | D:11     | Found an iron altar of Okawaru.
  8733 | D:11     | Noticed a hill giant
  8735 | D:11     | HP: 14/81 [something[a killer bee] (21)]
  8834 | D:11     | Noticed a hill giant
  8846 | D:11     | Killed a hill giant
  8846 | D:11     | Reached skill level 3 in Fighting
  8846 | D:11     | Reached XP level 11. HP: 56/90 MP: 4/4
  8884 | D:11     | Reached skill level 4 in Fighting
  8899 | D:11     | Noticed a hill giant
  8912 | D:11     | HP: 23/92 [hill giant/giant club (16)]
  8914 | D:11     | Killed a hill giant
  8942 | D:11     | Reached skill level 5 in Fighting
  9477 | Lair:1   | Entered Level 1 of the Lair of Beasts
  9483 | Lair:1   | HP: 22/97 [black mamba (12)]
  9484 | Lair:1   | HP: 9/97 [black mamba (9)]
  9513 | Lair:1   | Reached skill level 6 in Fighting
  9860 | Lair:1   | Reached skill level 7 in Fighting
 10026 | Lair:1   | HP: 24/100 [yak (5)]
 10032 | Lair:1   | HP: 17/100 [yak (1)]
 10050 | Lair:1   | Reached skill level 1 in Dodging
 10051 | Lair:1   | HP: 23/100 [yak (10)]
 10053 | Lair:1   | Reached skill level 4 in Armour
 10058 | Lair:1   | Reached skill level 2 in Dodging
 10140 | Lair:1   | HP: 20/100 [crocodile (11)]
 10335 | Lair:2   | Reached skill level 5 in Armour
 10335 | Lair:2   | Reached skill level 3 in Dodging
 10466 | Lair:2   | Reached skill level 6 in Armour
 10537 | Lair:2   | Reached skill level 7 in Armour
 10545 | Lair:2   | HP: 23/100 [queen ant (8)]
 10575 | Lair:2   | HP: 21/100 [queen ant (13)]
 10746 | Lair:2   | Reached XP level 12. HP: 109/109 MP: 4/4
 10851 | Lair:2   | HP: 21/109 [poisoned by a queen ant]
 10853 | Lair:2   | HP: 7/109 [poisoned by a queen ant]
 10854 | Lair:2   | HP: 1/109 [poisoned by a queen ant]
 10927 | Lair:3   | Reached skill level 8 in Armour
 11003 | Lair:3   | Found a hole to the Spider Nest.
 11394 | Lair:3   | Reached skill level 9 in Armour
 11550 | Lair:3   | Found a staircase to the Swamp.
 11794 | Lair:3   | Noticed a five-headed hydra
 11973 | Lair:2   | Reached skill level 10 in Armour
 12586 | Lair:2   | HP: 26/109 [poisoned by a queen ant]
 12705 | Lair:4   | Reached skill level 11 in Armour
 12811 | Lair:4   | Noticed a six-headed hydra
 12918 | Lair:4   | Noticed a six-headed hydra
 12951 | Lair:4   | Killed a six-headed hydra
 12951 | Lair:4   | Reached skill level 2 in Invocations
 13041 | Lair:4   | Reached skill level 3 in Invocations
 13226 | Lair:4   | Reached skill level 4 in Invocations
 13268 | Lair:4   | HP: 25/109 [giant frog (4)]
 13325 | Lair:4   | Noticed a five-headed hydra
 13334 | Lair:4   | Noticed Harold
 13334 | Lair:4   | Killed a five-headed hydra
 13334 | Lair:4   | Reached skill level 5 in Invocations
 13373 | Lair:4   | Killed Harold
 13373 | Lair:4   | Reached skill level 6 in Invocations
 13436 | Lair:3   | Reached skill level 7 in Invocations
 13984 | Lair:5   | Reached skill level 8 in Invocations
 14199 | Lair:5   | Reached skill level 9 in Invocations
 14584 | Orc:1    | Entered Level 1 of the Orcish Mines
 14675 | Orc:1    | Noticed Eustachio
 14686 | Orc:1    | Killed Eustachio
 14723 | Orc:1    | Noticed Snorg
 14737 | Orc:1    | Killed Snorg
 14737 | Orc:1    | Reached XP level 13. HP: 104/115 MP: 15/15
 15231 | Orc:2    | Reached skill level 10 in Invocations
 15488 | Orc:3    | Found a staircase to the Elven Halls.
 16120 | Orc:4    | Entered Level 4 of the Orcish Mines
 16172 | Orc:4    | Reached skill level 17 in Axes
 16320 | Orc:4    | Paralysed by an orc sorcerer for 7 turns
 16325 | Orc:4    | HP: 28/115 [orc sorcerer/bolt of fire (11)]
 16326 | Orc:4    | HP: 12/115 [orc sorcerer/bolt of negative energy (2)]
 16976 | Orc:4    | Reached skill level 18 in Axes
 17238 | Orc:4    | Noticed an orc warlord
 17302 | Orc:4    | Killed an orc warlord
 17410 | Orc:4    | HP: 27/115 [red devil/trident[an orc high priest] (16)]
 17522 | Orc:4    | Found Crofuo's Jewellery Boutique.
 17568 | Orc:4    | Bought the ring of Qoogal {rPois rF+ rC+ rN+ Stlth-} for 657 gold pieces
 17699 | Orc:4    | Found a roughly hewn altar of Beogh.
 17732 | Orc:4    | Found Amusuwuni's Gadget Shop.
 17758 | Orc:4    | Bought a -1 rod of shadows (14/14) for 1170 gold pieces
 17845 | Orc:4    | Reached skill level 19 in Axes
 18008 | Orc:4    | Found a roughly hewn altar of Beogh.
 18031 | Orc:4    | Found Throenoa's Food Boutique.
 18083 | Orc:4    | Found Ghamep's General Store.
 18100 | Orc:4    | Bought a scroll of blinking for 120 gold pieces
 18182 | Orc:4    | Gained mutation: You resist negative energy. [level up]
 18182 | Orc:4    | Reached XP level 14. HP: 75/123 MP: 15/15
 18189 | Orc:4    | HP: 25/123 [orc warrior/halberd (21)]
 18189 | Orc:4    | HP: 11/123 [orc knight/great mace (14)]
 18877 | Lair:4   | Killed a six-headed hydra
 19959 | Lair:6   | Noticed a balrug
 20035 | Lair:7   | Reached skill level 20 in Axes
 20286 | Lair:7   | Found a labyrinth entrance.
 20309 | Lab      | Entered a labyrinth
 20413 | Lab      | Reached skill level 8 in Fighting
 20432 | Lab      | Identified the Papyrus of Curses
 20442 | Lab      | Identified the Reference Book on Lethal Intoxication
 21032 | Lair:8   | Entered Level 8 of the Lair of Beasts
 21072 | Lair:8   | Got a smoking helmet
 21153 | Lair:8   | Reached skill level 9 in Fighting
 21301 | Lair:8   | Identified the +0 helmet of Lyfuonus {rF+} (You found it on level 8 of the Lair of Beasts)
 21331 | Lair:8   | Got a ripped robe
 21345 | Lair:8   | Identified the cursed -1 robe of the Harp {-Cast rElec rPois rF+} (You found it on level 8 of the Lair of Beasts)
 21432 | Lair:8   | Found a staircase to the Slime Pits.
 21480 | Lair:8   | Reached skill level 4 in Dodging
 21588 | Lair:8   | Reached skill level 5 in Dodging
 21704 | Lair:8   | Reached skill level 6 in Dodging
 22033 | Lair:8   | Reached skill level 7 in Dodging
 22167 | Lair:8   | Reached skill level 8 in Dodging
 22180 | Lair:8   | Got a crude cloak
 22348 | Lair:8   | Reached XP level 15. HP: 74/136 MP: 16/16
 23093 | D:12     | Identified a scroll of acquirement
 23105 | D:12     | Identified the +3 cloak of Free Expression {rPois rN+} (You found it on level 8 of the Lair of Beasts)
 23176 | D:12     | Noticed a hill giant
 23191 | D:12     | Killed a hill giant
 23191 | D:12     | Reached skill level 9 in Dodging
 23299 | D:12     | Noticed a hill giant
 23306 | D:12     | Killed a hill giant
 24439 | D:12     | Got an ivory hand axe
 24441 | D:12     | Identified the +8 hand axe of the Ancients {chop, +Blink rC+ MP+9} (You found it on level 12 of the Dungeon)
 24623 | Elf:1    | Entered Level 1 of the Elven Halls
 24765 | Elf:1    | Reached skill level 10 in Dodging
 24816 | Elf:1    | Found Pniuqut's Gadget Emporium.
 25021 | Elf:1    | Reached skill level 1 in Evocations
 25028 | Elf:1    | Reached skill level 2 in Evocations
 25030 | Elf:1    | Reached skill level 3 in Evocations
 25041 | Elf:1    | Reached skill level 4 in Evocations
 25170 | Elf:1    | Reached skill level 5 in Evocations
 25180 | Elf:1    | Reached skill level 6 in Evocations
 25285 | Elf:1    | Reached skill level 7 in Evocations
 25420 | Elf:1    | Reached skill level 8 in Evocations
 25442 | Elf:1    | Reached skill level 9 in Evocations
 25575 | Elf:2    | Reached skill level 10 in Evocations
 25662 | Elf:2    | Cast into the Abyss (double sword of distortion)
 25964 | Abyss:1  | Reached skill level 11 in Evocations
 26007 | Abyss:1  | Gained mutation: Your system is resistant to poisons. [a neqoxec]
 26079 | Abyss:1  | Noticed a tentacled starspawn
 26089 | Abyss:1  | Killed a tentacled starspawn
 26210 | Abyss:1  | Noticed a tentacled starspawn
 26249 | Abyss:1  | Killed a tentacled starspawn
 26249 | Abyss:1  | Reached skill level 10 in Fighting
 26333 | Abyss:1  | Noticed a lich
 26335 | Abyss:1  | Paralysed by a great orb of eyes for 4 turns
 26603 | Abyss:1  | Reached XP level 16. HP: 148/148 MP: 16/16
 26726 | Abyss:1  | Reached skill level 11 in Fighting
 26783 | Abyss:1  | Noticed a tentacled starspawn
 26804 | Abyss:1  | Killed a tentacled starspawn
 26870 | Abyss:1  | Gained mutation: You expend magic power (3 MP) to slightly strengthen your wands. [a neqoxec]
 26906 | Elf:2    | Escaped the Abyss
 26975 | Elf:2    | Found a huge runed gate.
 26976 | Elf:2    | Found a huge runed gate.
 26977 | Elf:2    | Found a huge runed gate.
 26978 | Elf:2    | Found a huge runed gate.
 26979 | Elf:2    | Found a huge runed gate.
 27073 | Elf:2    | Noticed a deep elf blademaster
 27081 | Elf:2    | Reached skill level 12 in Fighting
 27107 | Elf:2    | Killed a deep elf blademaster
 27327 | Elf:2    | Reached skill level 13 in Fighting
 27607 | Elf:2    | HP: 39/156 [deep elf knight/spray of energy (19)]
 27976 | Elf:2    | Found Kheineid's Armour Shoppe.
 27984 | Elf:2    | Bought a +2 pair of gloves of strength for 301 gold pieces
 28157 | Elf:2    | Reached skill level 14 in Fighting
 28202 | Elf:3    | Entered Level 3 of the Elven Halls
 28283 | Elf:3    | Found Shysu's Weapon Shop.
 28430 | Elf:3    | Noticed Azrael
 28449 | Elf:3    | Killed Azrael
 28821 | Elf:3    | Noticed Jorgrun
 28843 | Elf:3    | Killed Jorgrun
 28889 | Elf:3    | Reached XP level 17. HP: 124/168 MP: 16/16
 29027 | Elf:3    | Noticed a Brimstone Fiend
 29029 | Elf:3    | Reached skill level 15 in Fighting
 29128 | Elf:3    | Noticed a deep elf master archer
 29142 | Elf:3    | Killed a deep elf master archer
 29227 | Elf:3    | Got a scorched helmet
 29238 | Elf:3    | Identified the +2 helmet "Idar" {rPois MR- Dex+3} (You acquired it on level 3 of the Elven Halls)
 29256 | Elf:3    | Identified a +4 iron rod (8/10) (You took it off a deep elf death mage on level 3 of the Elven Halls)
 29291 | Elf:3    | Noticed a deep elf blademaster
 29303 | Elf:3    | Noticed a deep elf master archer
 29316 | Elf:3    | Killed a deep elf blademaster
 29327 | Elf:3    | Noticed an Ice Fiend
 29327 | Elf:3    | Killed a deep elf master archer
 29508 | Elf:3    | Got a pearl-encrusted ring mail
 29522 | Elf:3    | Identified the cursed -1 ring mail of the Desert {rF+ Str+4 SInv} (You took it off a deep elf blademaster on level 3 of the Elven Halls)
 29547 | Elf:3    | Got a steaming bronze ring
 30037 | D:13     | Identified the ring "Clu Mues" {rC+ Dex+5} (You took it off a deep elf sorcerer on level 3 of the Elven Halls)
 30054 | D:13     | Reached skill level 16 in Fighting
 30430 | Lair:3   | Killed a five-headed hydra
 31154 | D:14     | Got a vibrating ruby amulet
 31156 | D:14     | Identified the amulet of Sutopt {Gourm -Tele rN++ MR+ MP+9 Dex-5} (You found it on level 14 of the Dungeon)
 31469 | D:14     | Reached skill level 12 in Armour
 31492 | D:14     | Found a gate to the Vaults.
 31807 | D:15     | Entered Level 15 of the Dungeon
 31975 | D:15     | Found a white marble altar of Elyvilon.
 32076 | D:15     | Found Ypuc's Food Shoppe.
 32112 | D:15     | Got a jewelled chain mail
 32118 | D:15     | Identified the +0 chain mail "Xaudgh" {Dex+2} (You found it on level 15 of the Dungeon)
 32259 | D:15     | Found a staircase to the Depths.
 32751 | Swamp:1  | Entered Level 1 of the Swamp
 32759 | Swamp:1  | Reached skill level 13 in Armour
 34159 | Swamp:3  | Noticed Saint Roka
 34160 | Swamp:3  | Reached skill level 11 in Dodging
 34190 | Swamp:3  | Killed Saint Roka
 34266 | Swamp:3  | HP: 38/172 [thorn hunter/volley of thorns (12)]
 34275 | Swamp:3  | Gained mutation: You passively map a large area around you. [level up]
 34275 | Swamp:3  | Reached XP level 18. HP: 73/181 MP: 9/13
 34358 | Swamp:3  | Reached skill level 12 in Dodging
 34399 | Swamp:3  | Noticed Nikola
 34417 | Swamp:3  | Killed Nikola
 34863 | Swamp:3  | Noticed Rupert
 34872 | Swamp:3  | Killed Rupert
 35112 | Swamp:4  | Reached skill level 13 in Dodging
 35675 | Swamp:5  | Entered Level 5 of the Swamp
 35683 | Swamp:5  | Noticed Asterion
 35714 | Swamp:5  | Killed Asterion
 35749 | Swamp:5  | Noticed Mara
 35761 | Swamp:5  | Noticed RobertPalmer's illusion
 35981 | Swamp:5  | Reached skill level 14 in Dodging
 36672 | Swamp:5  | Killed Mara
 36690 | Swamp:5  | Noticed the 27-headed Lernaean hydra
 36792 | Swamp:5  | Killed the 21-headed Lernaean hydra
 36897 | Swamp:5  | Reached skill level 15 in Dodging
 36961 | Swamp:5  | Got a decaying rune of Zot
 37289 | Spider:1 | Entered Level 1 of the Spider Nest
 37496 | Spider:1 | Got a shimmering brass ring
 37498 | Spider:1 | Identified the ring of the Leaf {-Tele rN++ Stlth-} (You found it on level 1 of the Spider Nest)
 38511 | Spider:3 | Found a frozen archway.
 38520 | IceCv    | Entered an ice cave
 38711 | IceCv    | Reached skill level 16 in Dodging
 38970 | Spider:3 | Reached skill level 14 in Armour
 39104 | Spider:3 | Noticed Donald
 39112 | Spider:3 | Killed Donald
 40570 | Spider:4 | Reached XP level 19. HP: 186/188 MP: 12/12
 40673 | Spider:4 | Noticed Arachne
 40688 | Spider:4 | Killed Arachne
 40729 | Spider:4 | Got a warped lead ring
 40730 | Spider:4 | Identified the ring "Quphofio" {MR+ Str+4 Slay-5 Stlth+} (You found it on level 4 of the Spider Nest)
 40789 | Spider:4 | Got a twisted ring mail
 40806 | Spider:4 | Identified the cursed -1 ring mail "Yleutejo" {rN++ rCorr Stlth+} (You found it on level 4 of the Spider Nest)
 40888 | Spider:5 | Entered Level 5 of the Spider Nest
 40921 | Spider:5 | Reached skill level 15 in Armour
 41301 | Spider:5 | Reached skill level 16 in Armour
 41583 | Spider:5 | Got a gossamer rune of Zot
 42108 | Spider:5 | Reached skill level 17 in Armour
 42523 | Vaults:1 | Entered Level 1 of the Vaults
 42815 | Vaults:1 | Reached skill level 17 in Dodging
 43539 | Vaults:1 | Reached XP level 20. HP: 196/196 MP: 13/13
 43759 | Vaults:2 | Reached skill level 18 in Armour
 44149 | Vaults:2 | Found a staircase to the Crypt.
 44546 | Vaults:2 | Reached skill level 19 in Armour
 45377 | Vaults:3 | Found Riecepetog's Book Boutique.
 45851 | Vaults:3 | Reached skill level 20 in Armour
 45980 | Vaults:3 | Reached skill level 12 in Evocations
 46344 | Vaults:4 | Reached skill level 13 in Evocations
 46452 | Vaults:4 | Reached skill level 14 in Evocations
 46606 | Vaults:4 | Reached skill level 15 in Evocations
 46806 | Vaults:4 | Found Cuiraut's Food Emporium.
 47096 | Vaults:4 | Reached XP level 21. HP: 205/205 MP: 15/16
 47118 | Vaults:4 | Reached skill level 16 in Evocations
 47134 | Vaults:4 | Reached skill level 5 in Crossbows
 47134 | Vaults:4 | Reached XP level 22. HP: 213/213 MP: 17/17
 47349 | Vaults:4 | Reached skill level 17 in Evocations
 47753 | Vaults:4 | Got an encrusted hat
 47759 | Vaults:4 | Identified the +2 hat of Garisatse {rF+++ Regen+ Dex-5} (You found it on level 4 of the Vaults)
 47880 | Vaults:5 | Entered Level 5 of the Vaults
 47928 | Vaults:5 | Reached skill level 18 in Evocations
 47940 | Vaults:5 | Gained mutation: You expend magic power (6 MP) to strengthen your wands. [a shining eye]
 48002 | Vaults:5 | Noticed Mennas
 48136 | Vaults:5 | Killed Mennas
 48221 | Vaults:5 | Reached skill level 19 in Evocations
 48634 | Vaults:5 | Reached skill level 17 in Fighting
 48936 | Vaults:5 | Reached XP level 23. HP: 226/226 MP: 20/20
 48994 | Vaults:5 | Got a pair of slimy boots
 49005 | Vaults:5 | Identified the +0 pair of boots of Nackucev {rC+} (You found it on level 5 of the Vaults)
 49134 | Vaults:5 | Reached skill level 18 in Fighting
 49278 | Vaults:5 | Got a silver rune of Zot
 49496 | Vaults:5 | Found Faregyir's Gadget Emporium.
 49517 | Vaults:5 | Bought a wand of teleportation (3) for 336 gold pieces
 50200 | Depths:1 | Entered Level 1 of the Depths
 50283 | Depths:1 | Found a gateway to a ziggurat.
 50292 | Zig:1    | Entered Level 1 of a ziggurat
 50319 | Zig:2    | Entered Level 2 of a ziggurat
 50374 | Zig:3    | Entered Level 3 of a ziggurat
 50388 | Zig:3    | Reached skill level 19 in Fighting
 50411 | Zig:4    | Entered Level 4 of a ziggurat
 50455 | Zig:5    | Entered Level 5 of a ziggurat
 50464 | Zig:5    | Noticed a greater mummy
 50589 | Depths:1 | Found a gateway to Hell.
 50705 | Depths:1 | Found a white marble altar of Elyvilon.
 50989 | Depths:1 | Reached skill level 20 in Fighting
 51096 | Depths:1 | Found a one-way gate leading to the halls of Pandemonium.
 51099 | Depths:1 | Gained mutation: Scrolls take you a little longer to read. [a neqoxec]
 51958 | Depths:2 | Found Pneut's Weapon Shop.
 51983 | Depths:2 | Noticed Aizul
 51997 | Depths:2 | Killed Aizul
 52241 | Depths:2 | Reached XP level 24. HP: 247/247 MP: 20/20
 52352 | Depths:2 | Found an iron altar of Okawaru.
 52352 | Depths:2 | Noticed Wiglaf
 52392 | Depths:2 | Killed Wiglaf
 52447 | Depths:2 | Got a spiked quicksilver dragon armour {MR+}
 52461 | Depths:2 | Identified the quicksilver dragon armour "Ciesut" {rElec MR+ Dex+4 Slay-6 SInv, MR+} (You found it on level 2 of the Depths)
 52474 | Depths:2 | Got a pair of pitted boots
 52485 | Depths:2 | Identified the +0 pair of boots "Hiylirgh" {+Fly MR- SInv} (You found it on level 2 of the Depths)
 52519 | Depths:2 | Got a spiked leather armour
 52974 | Depths:3 | Found Giam's Antique Weapon Shoppe.
 53606 | Depths:3 | Reached skill level 21 in Axes
 53729 | Depths:3 | Found a glowing golden altar of the Shining One.
 53928 | Depths:4 | Gained mutation: Your magical capacity is low (-10% MP). [a shining eye]
 53930 | Depths:4 | Gained mutation: Armour fits poorly on your strangely shaped body. [a shining eye]
 53944 | Depths:4 | Lost mutation: Scrolls take you a little longer to read. [potion of cure mutation]
 53944 | Depths:4 | Lost mutation: Armour fits poorly on your strangely shaped body. [potion of cure mutation]
 53944 | Depths:4 | Lost mutation: You expend magic power (6 MP) to strengthen your wands. [potion of cure mutation]
 53944 | Depths:4 | Lost mutation: You expend magic power (3 MP) to slightly strengthen your wands. [potion of cure mutation]
 53944 | Depths:4 | Lost mutation: Your magical capacity is low (-10% MP). [potion of cure mutation]
 53944 | Depths:4 | Lost mutation: Your system is resistant to poisons. [potion of cure mutation]
 54026 | Depths:4 | Found a bloodstained altar of Trog.
 54027 | Depths:4 | Found a sacrificial altar of Ru.
 54027 | Depths:4 | Found a glowing silver altar of Zin.
 54038 | Depths:4 | Found a one-way gate to the infinite horrors of the Abyss.
 54460 | Depths:4 | Reached skill level 22 in Axes
 54838 | Depths:4 | Reached skill level 23 in Axes
 54935 | Depths:4 | Cast into the Abyss (spriggan defender)
 55055 | Abyss:1  | Reached XP level 25. HP: 255/255 MP: 21/21
 55118 | Abyss:1  | Gained mutation: You are frail (-10% HP). [a cacodemon]
 55119 | Abyss:1  | Gained mutation: Your magical capacity is low (-10% MP). [a cacodemon]
 55130 | Abyss:1  | Gained mutation: You expend magic power (3 MP) to slightly strengthen your wands. [a cacodemon]
 55150 | Abyss:1  | Gained mutation: Your spells are a little harder to cast, but a little more powerful. [a neqoxec]
 55156 | Abyss:1  | Lost mutation: You are frail (-10% HP). [potion of cure mutation]
 55156 | Abyss:1  | Lost mutation: Your spells are a little harder to cast, but a little more powerful. [potion of cure mutation]
 55156 | Abyss:1  | Lost mutation: Your magical capacity is low (-10% MP). [potion of cure mutation]
 55156 | Abyss:1  | Lost mutation: You expend magic power (3 MP) to slightly strengthen your wands. [potion of cure mutation]
 55194 | Depths:4 | Escaped the Abyss
 55353 | Depths:4 | Got a fine ruby amulet
 55392 | Depths:4 | Identified the amulet "Cusaveu" {Gourm rElec MP+9} (You found it on level 4 of the Depths)
 55725 | Depths:5 | Entered Level 5 of the Depths
 55735 | Depths:5 | Reached skill level 24 in Axes
 56022 | Depths:5 | Found an iron altar of Okawaru.
 56023 | Depths:5 | Noticed Sojobo
 56055 | Depths:5 | Killed Sojobo
 56351 | Depths:5 | Reached skill level 25 in Axes
 56373 | Depths:5 | Found a runed door.
 56373 | Depths:5 | Found a runed door.
 56380 | Depths:5 | Found a runed door.
 56434 | Depths:5 | Found a runed door.
 56603 | Depths:5 | Found a runed door.
 56638 | Depths:5 | Found a runed door.
 56867 | Depths:5 | Found a gate to the Realm of Zot.
 57048 | Depths:4 | Voluntarily entered the Abyss.
 57356 | Abyss:3  | Found a bloodstained altar of Trog.
 57380 | Abyss:3  | Found a corrupted altar of Lugonu.
 57409 | Abyss:3  | Gained mutation: You are dopey. (Int -2) [a neqoxec]
 57440 | Abyss:3  | Found a corrupted altar of Lugonu.
 57536 | Abyss:3  | Paralysed by accursed screaming for 1 turns
 57635 | Abyss:4  | Found a corrupted altar of Lugonu.
 57681 | Abyss:4  | Found a corrupted altar of Lugonu.
 57793 | Abyss:4  | Gained mutation: Armour fits poorly on your strangely shaped body. [a neqoxec]
 57807 | Abyss:4  | Lost mutation: You are dopey. (Int -2) [potion of cure mutation]
 57807 | Abyss:4  | Lost mutation: Armour fits poorly on your strangely shaped body. [potion of cure mutation]
 57841 | Abyss:4  | Found a runed door.
 57938 | Abyss:4  | Gained mutation: Scrolls take you a little longer to read. [a neqoxec]
 57987 | Abyss:4  | Reached skill level 26 in Axes
 57989 | Abyss:4  | Paralysed by accursed screaming for 1 turns
 57993 | Abyss:4  | Paralysed by accursed screaming for 1 turns
 58000 | Abyss:4  | Paralysed by accursed screaming for 1 turns
 58112 | Abyss:4  | Got an abyssal rune of Zot
 58183 | Abyss:4  | Reached XP level 26. HP: 165/237 MP: 21/21
 58322 | Abyss:4  | Reached skill level 21 in Fighting
 58401 | Abyss:4  | Gained mutation: You are frail (-10% HP). [a neqoxec]
 58430 | Depths:4 | Escaped the Abyss
 59352 | Slime:1  | Entered Level 1 of the Pits of Slime
 59552 | Slime:6  | Entered Level 6 of the Pits of Slime
 59563 | Slime:6  | Gained mutation: Your magical capacity is low (-10% MP). [a shining eye]
 59632 | Slime:6  | Found a viscous altar of Jiyva.
 59635 | Slime:6  | Noticed the royal jelly
 59707 | Slime:6  | Killed the royal jelly
 59707 | Slime:6  | Reached skill level 22 in Fighting
 59839 | Slime:6  | Got a translucent glass ring
 59842 | Slime:6  | Identified the ring of the Cicada {Ice MR++ Str+2 Int+4 Dex-3} (You found it on level 6 of the Pits of Slime)
 59844 | Slime:6  | Got a clouded copper amulet
 59941 | Slime:6  | Identified the amulet of Mepuru {Gourm rElec rC+ MR+ Dex-3} (You found it on level 6 of the Pits of Slime)
 59968 | Slime:6  | Identified the Collected Works on Unholy Magic (You found it on level 6 of the Pits of Slime)
 59986 | Slime:6  | Got a slimy rune of Zot
 60572 | Crypt:1  | Entered Level 1 of the Crypt
 60636 | Crypt:1  | Noticed Khufu
 60779 | Crypt:1  | Killed Khufu
 60780 | Crypt:1  | HP: 58/239 [???[Khufu] (22)]
 60784 | Crypt:1  | HP: 24/239 [emperor scorpion[Khufu] (6)]
 60791 | Crypt:1  | HP: 23/239 [death scarab[Khufu] (2)]
 60797 | Crypt:1  | HP: 18/239 [death scarab[Khufu] (5)]
 60879 | Crypt:2  | HP: 57/239 [ancient champion/iron shot (42)]
 60886 | Crypt:2  | HP: 51/239 [ancient champion/iron shot (25)]
 61051 | Crypt:2  | Reached skill level 23 in Fighting
 61051 | Crypt:2  | Reached XP level 27. HP: 205/243 MP: 19/19
 62312 | Vaults:3 | Bought a book of Transfigurations for 1045 gold pieces
 62319 | Vaults:3 | Learned a level 6 spell: Statue Form
 62874 | Zot:1    | Entered Level 1 of the Realm of Zot
 62881 | Zot:1    | Reached skill level 1 in Earth Magic
 62888 | Zot:1    | Reached skill level 2 in Earth Magic
 62896 | Zot:1    | Reached skill level 3 in Earth Magic
 62912 | Zot:1    | Reached skill level 4 in Earth Magic
 62924 | Zot:1    | Reached skill level 5 in Earth Magic
 63004 | Zot:1    | Reached skill level 6 in Earth Magic
 63067 | Zot:1    | Reached skill level 7 in Earth Magic
 63245 | Zot:1    | Reached skill level 8 in Earth Magic
 63426 | Zot:1    | Reached skill level 9 in Earth Magic
 63868 | Zot:1    | Reached skill level 10 in Earth Magic
 64068 | Zot:2    | Reached skill level 11 in Earth Magic
 64216 | Zot:2    | Got a dazzling plate armour
 64328 | Zot:2    | Reached skill level 12 in Earth Magic
 64693 | Zot:2    | Reached skill level 13 in Earth Magic
 64935 | Zot:3    | Reached skill level 14 in Earth Magic
 65385 | Zot:4    | Reached skill level 15 in Earth Magic
 65571 | Zot:4    | Got a pair of heavily runed gloves
 65582 | Zot:4    | Identified the +0 pair of gloves "Eczasoed" {rElec rF+ Str-2 SInv} (You acquired it on level 4 of the Realm of Zot)
 65742 | Zot:4    | Reached skill level 16 in Earth Magic
 65892 | Zot:4    | Lost mutation: Scrolls take you a little longer to read. [potion of cure mutation]
 65892 | Zot:4    | Lost mutation: You are frail (-10% HP). [potion of cure mutation]
 65892 | Zot:4    | Lost mutation: Your magical capacity is low (-10% MP). [potion of cure mutation]
 66065 | Zot:5    | Entered Level 5 of the Realm of Zot
 66117 | Zot:4    | Reached skill level 17 in Earth Magic
 66402 | Zot:5    | Reached skill level 1 in Transmutations
 66414 | Zot:5    | Reached skill level 2 in Transmutations
 66423 | Zot:5    | Reached skill level 3 in Transmutations
 66493 | Zot:5    | Reached skill level 4 in Transmutations
 66629 | Zot:5    | Reached skill level 5 in Transmutations
 66647 | Zot:5    | Got a slimy wooden ring
 66648 | Zot:5    | Identified the ring "Taac" {MR+ Dex+3 Slay+3} (You found it on level 5 of the Realm of Zot)
 66671 | Zot:5    | Reached skill level 6 in Transmutations
 66709 | Zot:5    | Noticed an orb of fire
 66711 | Zot:5    | Noticed an ancient lich
 66715 | Zot:5    | Noticed an ancient lich
 66721 | Zot:5    | Reached skill level 7 in Transmutations
 66730 | Zot:5    | Killed an ancient lich
 66730 | Zot:5    | Reached skill level 8 in Transmutations
 66733 | Zot:5    | Killed an ancient lich
 66735 | Zot:5    | Noticed an ancient lich
 66736 | Zot:5    | Killed an orb of fire
 66736 | Zot:5    | Reached skill level 9 in Transmutations
 66755 | Zot:5    | Killed an ancient lich
 66766 | Zot:5    | Reached skill level 10 in Transmutations
 66826 | Zot:5    | Reached skill level 11 in Transmutations
 66867 | Zot:5    | Noticed an ancient lich
 66868 | Zot:5    | Noticed an ancient lich
 66869 | Zot:5    | Noticed an orb of fire
 66870 | Zot:5    | Noticed an orb of fire
 66904 | Zot:5    | Killed an orb of fire
 66904 | Zot:5    | Reached skill level 12 in Transmutations
 66914 | Zot:5    | Killed an ancient lich
 66915 | Zot:5    | Killed an ancient lich
 66950 | Zot:5    | Reached skill level 13 in Transmutations
 66959 | Zot:5    | Killed an orb of fire
 66965 | Zot:5    | Noticed an ancient lich
 66991 | Zot:5    | Killed an ancient lich
 67012 | Zot:5    | Reached skill level 14 in Transmutations
 67231 | Zot:5    | Reached skill level 1 in Spellcasting
 67322 | Zot:3    | Reached skill level 2 in Spellcasting
 68139 | Crypt:2  | Reached skill level 3 in Spellcasting
 68412 | Crypt:3  | Entered Level 3 of the Crypt
 68423 | Crypt:3  | Reached skill level 4 in Spellcasting
 68478 | Crypt:3  | Reached skill level 5 in Spellcasting
 68580 | Crypt:3  | Reached skill level 6 in Spellcasting
 68749 | Crypt:3  | Found an ancient bone altar of Kikubaaqudgha.
 68749 | Crypt:3  | Noticed an ancient lich
 68762 | Crypt:3  | Killed an ancient lich
 68762 | Crypt:3  | Reached skill level 7 in Spellcasting
 69064 | Crypt:3  | Reached skill level 8 in Spellcasting
 69174 | Crypt:3  | Found a staircase to the Tomb.
 69205 | Crypt:3  | Got a transparent copper amulet
 69205 | Crypt:3  | Got a transparent silver ring
 69207 | Crypt:3  | Identified the amulet "Fybang" {Ward rPois rN+ Str-4 Slay+3} (You found it on level 3 of the Crypt)
 69208 | Crypt:3  | Identified the ring of Lies {rN+ Int+5} (You found it on level 3 of the Crypt)
 69759 | Depths:4 | Voluntarily entered the Abyss.
 69877 | Abyss:1  | Reached skill level 15 in Transmutations
 69895 | Abyss:1  | Found a blossoming altar of Fedhas.
 70437 | Abyss:3  | Reached skill level 16 in Transmutations
 70812 | Abyss:3  | Reached skill level 9 in Spellcasting
 70987 | Abyss:3  | Noticed an ancient lich
 71004 | Abyss:3  | Killed an ancient lich
 71004 | Abyss:3  | Reached skill level 10 in Spellcasting
 71406 | Abyss:3  | Reached skill level 11 in Spellcasting
 71421 | Abyss:3  | Found a corrupted altar of Lugonu.
 71646 | Abyss:3  | Paralysed by you for 6 turns
 71670 | Abyss:3  | Reached skill level 18 in Earth Magic
 72091 | Abyss:3  | Paralysed by accursed screaming for 1 turns
 72208 | Abyss:3  | Reached skill level 19 in Earth Magic
 72236 | Abyss:3  | Found a corrupted altar of Lugonu.
 72299 | Abyss:3  | Found a corrupted altar of Lugonu.
 72331 | Depths:4 | Escaped the Abyss
 72351 | Hell     | Entered the Vestibule of Hell
 72351 | Hell     | Noticed Geryon
 72459 | Hell     | Killed Geryon
 72542 | Hell     | Found a gateway to the ashen valley of Gehenna.
 72561 | Hell     | Reached skill level 12 in Spellcasting
 72676 | Hell     | Found a gateway to the decaying netherworld of Tartarus.
 72697 | Hell     | Noticed Murray
 72726 | Hell     | Killed Murray
 72774 | Hell     | Found a gateway to the freezing wastes of Cocytus.
 72894 | Hell     | Found a gateway to the Iron City of Dis.
 73052 | Pan      | Entered Pandemonium
 73059 | Pan      | Reached skill level 13 in Spellcasting
 73098 | Pan      | Gained mutation: Armour fits poorly on your strangely shaped body. [a cacodemon]
 73103 | Pan      | Gained mutation: You are frail (-10% HP). [a cacodemon]
 73455 | Pan      | Noticed Psuirut the pandemonium lord
 73482 | Pan      | Killed Psuirut the pandemonium lord
 73534 | Pan      | Gained mutation: You expend magic power (3 MP) to slightly strengthen your wands. [a cacodemon]
 73535 | Pan      | Gained mutation: You are clumsy. (Dex -2) [a cacodemon]
 73539 | Pan      | Reached skill level 20 in Earth Magic
 73539 | Pan      | Gained mutation: Your magical capacity is low (-10% MP). [a cacodemon]
 73542 | Pan      | Gained mutation: You are very clumsy. (Dex -4) [a cacodemon]
 73543 | Pan      | Gained mutation: You are very frail (-20% HP). [a cacodemon]
 73554 | Pan      | Gained mutation: Scrolls take you a little longer to read. [a neqoxec]
 73764 | Pan      | Found an exit through the horrors of the Abyss.
 73810 | Pan      | Reached skill level 21 in Earth Magic
 73924 | Pan      | Took an exit into the Abyss.
 73924 | Abyss:1  | Escaped into the Abyss
 73940 | Abyss:1  | Paralysed by accursed screaming for 1 turns
 73945 | Abyss:1  | Paralysed by accursed screaming for 1 turns
 73962 | Depths:3 | Escaped the Abyss
 74366 | Crypt:1  | Gained mutation: You have large cloven feet. [potion of mutation]
 74752 | Elf:1    | Lost mutation: You are very clumsy. (Dex -4) [potion of mutation]
 75105 | Spider:3 | Gained mutation: You can spit poison. [potion of mutation]
 75105 | Spider:3 | Gained mutation: Your magical capacity is very low (-20% MP). [potion of mutation]
 75466 | D:15     | Bought 3 fruits for 49 gold pieces
 75466 | D:15     | Bought a meat ration for 55 gold pieces
 75466 | D:15     | Bought a bread ration for 55 gold pieces
 75466 | D:15     | Bought a meat ration for 55 gold pieces
 75466 | D:15     | Bought a meat ration for 55 gold pieces
 75466 | D:15     | Bought a meat ration for 55 gold pieces
 75466 | D:15     | Bought a bread ration for 55 gold pieces
 75466 | D:15     | Bought 3 fruits for 49 gold pieces
 75466 | D:15     | Bought a bread ration for 55 gold pieces
 75466 | D:15     | Bought a bread ration for 55 gold pieces
 75581 | Pan      | Entered Pandemonium
 75788 | Pan      | Noticed Klocolit the pandemonium lord
 75802 | Pan      | Killed Klocolit the pandemonium lord
 76024 | Pan      | Found an exit through the horrors of the Abyss.
 76142 | Pan      | Learned a level 9 spell: Shatter
 76315 | Pan      | Reached skill level 18 in Dodging
 76593 | Pan      | Got a crude lead amulet
 76596 | Pan      | Identified the amulet "Kleasi Lago" {Inacc Stlth+} (You found it in Pandemonium)
 76794 | Pan      | Found an exit through the horrors of the Abyss.
 76901 | Pan      | Paralysed by accursed screaming for 1 turns
 77085 | Pan      | Noticed Negeocw the pandemonium lord
 77171 | Pan      | Reached skill level 21 in Armour
 77273 | Pan      | Killed Negeocw the pandemonium lord
 77295 | Pan      | Got a demonic rune of Zot
 77471 | Pan      | Gained mutation: Scrolls take you longer to read. [a neqoxec]
 77606 | Pan      | Reached skill level 19 in Dodging
 77621 | Pan      | Found a huge runed gate.
 77621 | Pan      | Found a huge runed gate.
 77622 | Pan      | Found a huge runed gate.
 77622 | Pan      | Found a huge runed gate.
 77622 | Pan      | Found a huge runed gate.
 77622 | Pan      | Found a huge runed gate.
 77622 | Pan      | Found a huge runed gate.
 77622 | Pan      | Found a huge runed gate.
 77622 | Pan      | Found a huge runed gate.
 77622 | Pan      | Found a huge runed gate.
 77622 | Pan      | Found a huge runed gate.
 77623 | Pan      | Found a huge runed gate.
 77623 | Pan      | Found a huge runed gate.
 77624 | Pan      | Found a huge runed gate.
 77624 | Pan      | Found a huge runed gate.
 77626 | Pan      | Found a huge runed gate.
 77626 | Pan      | Found a huge runed gate.
 77628 | Pan      | Noticed Deaps the pandemonium lord
 77647 | Pan      | Killed Deaps the pandemonium lord
 77827 | Pan      | Found an exit through the horrors of the Abyss.
 78050 | Pan      | Reached skill level 22 in Armour
 78413 | Pan      | Reached skill level 20 in Dodging
 78530 | Pan      | Found an exit through the horrors of the Abyss.
 78634 | Pan      | Noticed Zoreeseq the pandemonium lord
 78646 | Pan      | Killed Zoreeseq the pandemonium lord
 79458 | Pan      | Noticed Natoriok the pandemonium lord
 79471 | Pan      | Killed Natoriok the pandemonium lord
 79622 | Pan      | Found an exit through the horrors of the Abyss.
 79760 | Pan      | Noticed Ogufoom the pandemonium lord
 79777 | Pan      | HP: 48/216 [Ogufoom the pandemonium lord/poison arrow (20)]
 79779 | Pan      | Killed Ogufoom the pandemonium lord
 79814 | Pan      | Reached skill level 23 in Armour
 79841 | Pan      | Reached skill level 21 in Dodging
 79873 | Pan      | Gained mutation: You are extremely frail (-30% HP). [a cacodemon]
 79955 | Pan      | Found an exit through the horrors of the Abyss.
 80445 | Pan      | Noticed Agomuq the pandemonium lord
 80467 | Pan      | Killed Agomuq the pandemonium lord
 80730 | Pan      | Found an exit through the horrors of the Abyss.
 81087 | Pan      | Noticed Tetoah the pandemonium lord
 81097 | Pan      | Killed Tetoah the pandemonium lord
 81107 | Pan      | Gained mutation: You expend magic power (6 MP) to strengthen your wands. [a neqoxec]
 81132 | Pan      | HP: 59/244 [Hell Sentinel's spines (6)]
 81171 | Pan      | Reached skill level 22 in Dodging
 81233 | Pan      | Reached skill level 24 in Armour
 81267 | Pan      | Found an exit through the horrors of the Abyss.
 82200 | Pan      | Found an exit through the horrors of the Abyss.
 82870 | Pan      | Noticed Frolinol the pandemonium lord
 82882 | Pan      | Killed Frolinol the pandemonium lord
 82985 | Pan      | Found an exit through the horrors of the Abyss.
 82991 | Pan      | Gained mutation: You expend magic power (9 MP) to make your wands much stronger. [a cacodemon]
 83067 | Pan      | Noticed Ziode the pandemonium lord
 83291 | Pan      | Lost mutation: You can spit poison. [a cacodemon]
 83631 | Pan      | Reached skill level 23 in Dodging
 83644 | Pan      | Noticed Dunul the pandemonium lord
 83654 | Pan      | HP: 34/188 [Dunul the pandemonium lord/chain lightning (27)]
 83669 | Pan      | Killed Dunul the pandemonium lord
 83783 | Pan      | Found an exit through the horrors of the Abyss.
 84236 | Pan      | Reached skill level 25 in Armour
 84275 | Pan      | Lost mutation: You are extremely frail (-30% HP). [potion of cure mutation]
 84275 | Pan      | Lost mutation: You have large cloven feet. [potion of cure mutation]
 84275 | Pan      | Lost mutation: You are clumsy. (Dex -2) [potion of cure mutation]
 84275 | Pan      | Lost mutation: Scrolls take you longer to read. [potion of cure mutation]
 84276 | Pan      | Lost mutation: Scrolls take you a little longer to read. [potion of cure mutation]
 84276 | Pan      | Lost mutation: You are very frail (-20% HP). [potion of cure mutation]
 84276 | Pan      | Lost mutation: You expend magic power (9 MP) to make your wands much stronger. [potion of cure mutation]
 84344 | Pan      | Found an exit through the horrors of the Abyss.
 84867 | Pan      | Noticed Qutzize the pandemonium lord
 84889 | Pan      | HP: 70/317 [??? (12)]
 84891 | Pan      | Killed Qutzize the pandemonium lord
 84894 | Pan      | HP: 45/317 [Brimstone Fiend/blast of hellfire (32)]
 84898 | Pan      | Killed from afar by a Brimstone Fiend

Action                   |  1- 3 |  4- 6 |  7- 9 | 10-12 | 13-15 | 16-18 | 19-21 | 22-24 | 25-27 || total
-------------------------+-------+-------+-------+-------+-------+-------+-------+-------+-------++-------
Melee: War axe           |   113 |   200 |   613 |    91 |       |       |       |       |       ||  1017
       Battleaxe         |       |       |       |  1299 |  2041 |  1760 |  1381 |  1408 |       ||  7889
       Broad axe         |       |       |       |       |       |    26 |       |       |       ||    26
       Executioner's axe |       |       |       |       |       |       |       |   647 |  5964 ||  6611
Throw: Stone             |       |       |     4 |       |       |       |       |       |       ||     4
       Throwing net      |       |       |       |     2 |       |       |       |       |       ||     2
 Cast: Statue Form       |       |       |       |       |       |       |       |       |    23 ||    23
Invok: Minor Destruction |       |       |       |    14 |       |     1 |       |       |     3 ||    18
       Major Destruction |       |       |       |     6 |     5 |    22 |       |       |     1 ||    34
       Lesser Servant of |       |       |       |     4 |       |       |       |       |       ||     4
       Greater Servant o |       |       |       |       |     4 |    25 |       |       |       ||    29
 Abil: Device Recharging |       |     1 |     3 |     7 |     3 |     6 |       |       |       ||    20
       Evoke Berserk Rag |       |       |       |       |       |     1 |       |       |       ||     1
Evoke: Wand              |     1 |     9 |    12 |    35 |    18 |    12 |       |     7 |     8 ||   102
       Rod               |       |       |       |       |     5 |    44 |    55 |    60 |       ||   164
       Deck              |       |       |       |       |     1 |       |       |     1 |       ||     2
       Lamp of fire      |       |       |       |       |       |       |       |       |     1 ||     1
  Use: Scroll            |       |     5 |     5 |    18 |    23 |    25 |     5 |    16 |    27 ||   124
       Potion            |       |     1 |     1 |    17 |     8 |     3 |     3 |     4 |    35 ||    72
 Stab: Confused          |       |       |       |     2 |     4 |     2 |       |       |     1 ||     9
       Distracted        |       |       |       |     1 |       |     5 |     2 |    18 |       ||    26
       Held in net/web   |       |       |       |     2 |       |       |       |       |     1 ||     3
       Invisible         |       |       |       |       |     6 |       |       |       |       ||     6
       Fleeing           |       |       |       |       |     1 |       |       |       |       ||     1
       Petrifying        |       |       |       |       |       |       |       |       |     6 ||     6
       Petrified         |       |       |       |       |       |       |       |       |     6 ||     6
       Paralysed         |       |       |       |       |       |       |       |       |     1 ||     1
       Sleeping          |       |       |       |       |       |       |       |       |     1 ||     1
  Eat: Chunk             |       |     4 |    13 |    26 |    37 |    27 |    34 |    23 |    52 ||   216
       Pizza             |       |       |     1 |     1 |     5 |     1 |       |     1 |     4 ||    13
       Royal jelly       |       |       |       |     1 |       |     7 |     1 |    11 |    12 ||    32
       Fruit             |       |       |       |     1 |       |     2 |     1 |       |       ||     4
       Beef jerky        |       |       |       |       |     1 |    17 |       |       |     3 ||    21
       Meat ration       |       |       |       |       |       |       |       |       |     8 ||     8
       Bread ration      |       |       |       |       |       |       |       |       |     1 ||     1

Vault maps used:
D:1:      lightli_arrival_boilingwater, serial_co_window_serial,
          co_window_of_opportunity_a, co_window_of_opportunity_a,
          co_window_corner_a, co_window_paths_a, co_window_of_opportunity_a,
          co_window_corner_a, co_window_paths_a, co_window_of_opportunity_c,
          co_window_2corner, co_window_unsneaky_path_c, co_window_corner_b,
          glass_columns_a
D:2:      nicolae_overflow_hidden_temple, minitemple, dk_noncrumbling_3,
          st_stairs_11
D:3:      first_bread, serial_undead, serial_undead_a, serial_undead_a,
          serial_undead_d, serial_undead_c, nicolae_tso_carved_into_rock,
          uniq_sigmund
D:4:      demons_altar, uniq_duvessa
D:5:      wad_crossroads
D:6:      serial_co_window_serial, co_window_paths_a,
          co_window_of_opportunity_a, co_window_paths_a, co_window_paths_a,
          co_window_corner_a, co_window_corner_a, co_window_corner_a,
          co_window_corner_cb, co_window_broadway_c, co_window_broadway_c,
          co_window_of_opportunity_b, glass_columns_a, glass_columns_b,
          glass_columns_a, glass_columns_b, corexii_leaking_fountain
D:7:      lemuel_bear_cage, elyvilon_altar_5, minmay_temple_entry_hall,
          basic_altar, the_bakery, lemuel_old_faithful, uniq_blork_the_orc
D:9:      minmay_statue_hallways, ashenzari_altar_1, erik_orc_3
D:10:     lair_0_dummy
D:11:     lemuel_statue_altar
D:13:     minmay_unpleasant_kobolds
D:14:     grunt_vaults_entry_tiered, kennysheep_cross_bottleneck
D:15:     hangedman_depths_entry_try_elsewhere_first, serial_shops,
          nicolae_shop_crystal, old_standard_altar
Lair:2:   special_room, zaba_anthell, serial_bayou_shore_a, serial_bayou_shore_b
Lair:3:   minmay_swamp_entry_worms, spider_nest_entry_web_field,
          grunt_megastairs_3, lemuel_fruit_fields
Lair:4:   st_stairs_13, uniq_harold
Lair:5:   st_stairs_13, roderic_ravens_nest, wad_woods_03
Lair:6:   infiniplex_staircase_pool_2
Lair:7:   lab_entry_generic
Lair:8:   guppyfry_lair_end_dragon, hangedman_lair_caniforms_friends,
          minmay_slime_entry_oklob_open
Swamp:1:  evilmike_swamp_ruin_house_5
Swamp:2:  serial_swamp_ruin, evilmike_swamp_ruin_house_1,
          evilmike_swamp_ruin_rubble_2, swamp_pool4
Swamp:3:  hangedman_swamp_lotus, uniq_nikola, uniq_saint_roka, uniq_rupert
Swamp:4:  nicolae_swamp_round_clearing
Swamp:5:  grunt_swamp_rune_castle, uniq_mara, uniq_asterion
Spider:1: spiders_nest_wasp_nest
Spider:3: portal_ice_cave_entry_pillars_01, uniq_donald
Spider:4: uniq_arachne
Spider:5: grunt_spider_rune_parallel, spiders_nest_the_unseen
Slime:4:  basic_altar
Slime:5:  hangedman_slime_spill
Orc:1:    uniq_snorg, uniq_eustachio
Orc:3:    nicolae_orc_pool_cavern, nicolae_orc_lava_room
Orc:4:    pubby_orc_utopia, serial_shops
Elf:1:    elf_arrival_001, serial_shops, shop_statue, evilmike_minifort,
          basic_loot_grate_trap, baited_tele_trap
Elf:2:    serial_shops, nicolae_shop_temple_entry_statues_fountains,
          grunt_ministairs_8
Elf:3:    elf_hall_gauntlet_wide, serial_shops,
          nicolae_shop_temple_entry_statues_fountains, item_on_display_a,
          uniq_jorgrun, uniq_azrael
Vaults:1: ontoclasm_vaults_spin, nicolae_vaults_triangles, v_pattern_3,
          vaults_room_semicircle, v_misc_27, nicolae_vaults_little_squares_3,
          hangedman_vaults_nodes, ontoclasm_vaults_chip, vaults_room_pools
Vaults:2: minmay_crypt_entry_simple_corners, v_misc_33, v_misc_2,
          nicolae_vaults_circle_grid_a, nicolae_vaults_big_angled_halls,
          hangedman_vaults_locks, st_cells, ontoclasm_vaults_misaligned,
          hangedman_vaults_slither, nicolae_vaults_rhombus_6,
          nicolae_vaults_little_squares_6, vaults_dpeg_encased_lava
Vaults:3: ontoclasm_vaults_hangar, nicolae_vaults_little_squares_6,
          hangedman_vaults_slice, vaults_room_fours, vaults_room_hallway,
          vaults_room_large_hall, ontoclasm_vaults_hangar, ontoclasm_vaults_eye,
          nicolae_vaults_border_crossing, serial_shops, shop
Vaults:4: vaults_room_octagon, ontoclasm_vaults_claustrophobia,
          nicolae_vaults_gold_heap, st_cells, hangedman_vaults_stitches,
          nicolae_vaults_windows_and_doors_thing, hangedman_vaults_corner,
          nicolae_vaults_theta, hangedman_vaults_maws, v_pattern_4,
          nicolae_vaults_ring_of_whatevers, nicolae_vaults_mini_display_case,
          serial_shops, shop
Vaults:5: uniq_mennas
Crypt:1:  small_statue_intersection, uniq_khufu
Crypt:3:  cryptofortress_bobbens
Depths:1: enter_ziggurat_e, rand_demon_pan_entry_8, lemuel_crystal_altar,
          grunt_hell_entry_dis_grunt, grunt_ministairs_14, columned_hall_lemuel,
          statue_in_the_mist_lemuel, solitary_fountain, st_stairs_9,
          spider_trap, minivault_14, kennysheep_kite_vault
Depths:2: evilmike_iron_armoury, grunt_decor_arrowhead, hell_entry,
          serial_shops, nicolae_shop_crystal, uniq_aizul
Depths:3: abrahamwl_protected_by_tso_3, grunt_hell_horde,
          kennysheep_nondescript, serial_shops, nicolae_shop_crystal, pan_entry
Depths:4: hangedman_slaughterboxes, abyss_entry, hell_entry
Depths:5: evilmike_zot_entry_castle, pf_coc_iceberg, pan_entry,
          okawaru_ov_weapons_minmay, serial_bayou_shore_b, uniq_sojobo
Zot:1:    st_stairs_8, bh_zot_levy_curve, grunt_ministairs_4,
          st_small_dragon_hoard_2
Zot:2:    hangedman_zot_decor_slant
Zot:3:    lemuel_golem_globe
Zot:4:    grunt_zot_stairs_overgrown
Zot:5:    guppyfry_library_mini, basic_stair_grate_trap
Abyss:1:  hangedman_abyss_or_decor_stabs
Abyss:2:  evilmike_abyss_exit_disperse
Abyss:3:  grunt_abyss_rune_the_horror, lemuel_flamethrower_2
Abyss:4:  evilmike_abyss_exit_disperse, evilmike_abyss_rune_tentacle_tunnel,
          due_exit_kobolds
Pan:      rand_demon_1, nicolae_pan_mnolegish_4, nicolae_pan_sigil_itan,
          evilmike_mini_pan_doors_b, rand_demon_1, lemuel_hall_of_pain,
          evilmike_mini_pan_murderfest, evilmike_mini_pan_pillars_b,
          evilmike_mini_pan_3x3, evilmike_mini_pan_corridor, rand_demon_1,
          rand_demon_1, nicolae_pan_sigil_obb, evilmike_mini_pan_doors,
          evilmike_mini_pan_corridor, pan_blood_fountain_small,
          lemuel_hellion_island, pan_blood_fountain_2, pan_blood_fountain_small,
          grunt_pan_zigzag, reaverb_pan_figure_eight, grunt_pan_zigzag,
          pan_blood_fountain
Lab:      nicolae_lab_dead_adventurers, labyrinth_lava_lair, nicolae_lab_x
IceCv:    ice_cave_small_demon

Table legend:
 A = Turns spent in this place as a percentage of turns spent in the entire game.
 B = Non-inter-level travel turns spent in this place as a percentage of non-inter-level travel turns spent in the entire game.
 C = Inter-level travel turns spent in this place as a percentage of turns spent in this place.
 D = Turns resting spent in this place as a percentage of non-inter-level travel turns spent in this place.
 E = Turns spent auto-exploring this place as a percentage of non-inter-level travel turns spent in this place.
 F = Non-inter-level travel turns spent in this place divided by the number of levels of this place that you've seen.
                   A       B       C       D       E      F
               +-------+-------+-------+-------+-------+----------------------
         Total | 100.0 | 100.0 |   0.4 |   0.3 |   6.6 | 447.0
       Dungeon |  12.4 |  12.3 |   1.3 |   0.2 |   9.5 | 356.5
          Lair |  10.6 |  10.6 |   0.6 |   0.3 |   5.5 | 574.6
         Swamp |   4.3 |   4.3 |   0.5 |   1.3 |   6.6 | 368.6
   Spider Nest |   5.5 |   5.5 |   0.6 |   0.4 |   6.1 | 476.8
    Slime Pits |   1.8 |   1.8 |   0.4 |   0.8 |   0.0 | 127.3
  Orcish Mines |   5.2 |   5.2 |   0.7 |   0.4 |   9.2 | 565.8
   Elven Halls |   5.2 |   5.2 |   0.4 |   0.8 |   6.6 | 747.7
        Vaults |   9.6 |   9.6 |   0.3 |   0.1 |   8.3 | 833.8
         Crypt |   3.7 |   3.7 |   0.7 |   0.1 |   6.2 | 529.3
        Depths |   8.1 |   8.1 |   0.4 |   0.1 |   7.6 | 701.4
          Hell |   1.3 |   1.3 |   0.2 |   0.0 |   3.1 | 551.0
           Zot |   4.7 |   4.7 |   0.4 |   0.0 |   7.8 | 409.6
         Abyss |  10.9 |  11.0 |   0.0 |   0.1 |   3.8 | 475.3
   Pandemonium |  15.1 |  15.2 |   0.0 |   0.1 |   6.1 | 439.6
      Ziggurat |   0.5 |   0.5 |   0.0 |   0.0 |   0.0 |  39.8
     Labyrinth |   0.4 |   0.4 |   0.0 |   0.0 |   0.0 | 154.0
      Ice Cave |   0.8 |   0.8 |   0.0 |   0.6 |   3.4 | 358.0
               +-------+-------+-------+-------+-------+----------------------

Table legend:
 A = Kills in this place as a percentage of kills in entire the game.
 B = Kills by you in this place as a percentage of kills by you in the entire game.
 C = Kills by friends in this place as a percentage of kills by friends in the entire game.
 D = Other kills in this place as a percentage of other kills in the entire game.
 E = Experience gained in this place as a percentage of experience gained in the entire game.
 F = Experience gained in this place divided by the number of levels of this place that you have seen.
                   A       B       C       D       E      F
               +-------+-------+-------+-------+-------+----------------------
         Total | 100.0 | 100.0 | 100.0 | 100.0 | 100.0 | 26872.8
       Dungeon |  10.6 |  11.0 |   3.2 |   3.8 |   1.8 | 3146.2
          Lair |   9.9 |  10.3 |   2.7 |   3.8 |   2.4 | 7710.0
         Swamp |   4.1 |   3.4 |  20.5 |   0.0 |   3.0 | 15468.4
   Spider Nest |   4.8 |   4.3 |  16.2 |   3.8 |   3.0 | 15554.2
    Slime Pits |   2.5 |   2.6 |   0.0 |   0.0 |   2.9 | 12731.2
  Orcish Mines |   8.2 |   8.6 |   0.0 |   0.0 |   1.1 | 7259.0
   Elven Halls |   4.0 |   3.9 |   6.5 |   7.7 |   4.0 | 34543.0
        Vaults |  10.9 |   9.7 |  38.4 |  11.5 |  13.2 | 68585.6
         Crypt |   3.4 |   3.6 |   0.5 |   0.0 |   4.4 | 37978.3
        Depths |   8.1 |   8.1 |   7.0 |  19.2 |  13.8 | 71793.6
          Hell |   1.5 |   1.5 |   0.0 |   0.0 |   1.9 | 48697.0
           Zot |   4.1 |   4.2 |   0.0 |  30.8 |  14.0 | 73047.0
         Abyss |  11.2 |  11.7 |   0.0 |   3.8 |  11.0 | 28592.7
   Pandemonium |  15.2 |  15.8 |   0.0 |  15.4 |  23.0 | 40047.3
      Ziggurat |   0.7 |   0.5 |   3.8 |   0.0 |   0.3 | 1632.2
     Labyrinth |   0.1 |   0.1 |   0.0 |   0.0 |   0.0 | 1271.0
      Ice Cave |   0.6 |   0.6 |   1.1 |   0.0 |   0.3 | 7790.0
               +-------+-------+-------+-------+-------+----------------------
